 Dungeon Crawl Stone Soup version 0.28.0-53-g5a82cb258f (webtiles) character file.

Game seed: 18263189623579015735

71 Zeld the Insei (level 4, -4/28 HPs)
             Began as an Octopode Transmuter on May 22, 2022.
             Slain by Pargi (7 damage)
             ... in a sewer.
             The game lasted 00:01:48 (2441 turns).

Zeld the Insei (Octopode Transmuter)                Turns: 2441, Time: 00:01:49

Health: -4/28      AC:  2    Str: 11    XL:     4   Next: 24%
Magic:  5/7        EV: 19    Int: 15    God:
Gold:   75         SH:  5    Dex: 17    Spells: 2/8 levels left

rFire   . . .      SeeInvis .     - Unarmed
rCold   . . .      Faith    .   (shield currently unavailable)
rNeg    . . .      Spirit   .   (helmet currently unavailable)
rPois   x          Reflect  +   d - amulet of reflection
rElec   .          Harm     .   (no ring)
rCorr   .          Rampage  .   (no ring)
Will    .....                   (no ring)
Stlth   +.........              (no ring)
HPRegen 0.09/turn               (no ring)
MPRegen 0.10/turn               (no ring)
                                (no ring)
                                (no ring)

@: spider-form (expiring), very slow
A: venomous fangs, almost no armour, (amphibious), 8 rings, tiny, (camouflage
1), (gelatinous body 1), (nimble swimmer 1), (tentacles)
a: End Transformation


You were in a sewer.
You were a venomous arachnid creature.
You visited 1 branch of the dungeon, and saw 3 of its levels.
You also visited: Sewer.

You collected 75 gold pieces.

Inventory:

Jewellery
 d - an amulet of reflection (around neck)
Scrolls
 b - a scroll of enchant armour {unknown}
 c - a scroll of fog {unknown}
Potions
 a - a potion of haste {unknown}


   Skills:
 + Level 1.6 Fighting
 - Level 2.0 Dodging
 + Level 1.5 Stealth
 - Level 3.0 Unarmed Combat
 * Level 2.6 Spellcasting
 * Level 2.6 Transmutations
 + Level 1.1 Ice Magic
 + Level 1.3 Poison Magic


You had 2 spell levels left.
You knew the following spells:

 Your Spells              Type           Power      Damage    Failure   Level
a - Beastly Appendage     Tmut           18%        N/A       19%         1
b - Wereblood             Tmut           9%         N/A       26%         2
c - Spider Form           Tmut/Pois      7%         N/A       50%         3

Your spell library contained the following spells:

 Spells                   Type           Power      Damage    Failure   Level
 Ice Form                 Ice/Tmut       7%         N/A       85%         4


Dungeon Overview and Level Annotations

Branches:
Dungeon (3/15)              Sewer (1/1)

Altars:

Annotations:
Sewer Pargi


Innate Abilities, Weirdness & Mutations

You are a venomous arachnid creature.
You have poisonous fangs.
You are tiny and dextrous.
Your spellcasting is less reliable in this form.
Your armour is entirely melded.
You are incapable of wielding weapons or throwing items.
You cannot wear most types of armour.
((You are amphibious.))
You can wear up to eight rings at the same time.
((Your skin changes colour to match your surroundings (Stealth+).))
((Your rubbery body absorbs attacks. (AC +1, EV +1)))
((You are camouflaged when in or above water. (Stealth+)))
((You have tentacles for arms and can constrict up to eight enemies at once.))


Message History

Pargi is nearby!
Pargi is nearby!
Pargi is nearby!
Casting: Beastly Appendage (safe; 7% risk of failure)
Confirm with . or Enter, or press ? or * to list all spells.
The spell is extremely dangerous to miscast (28% risk of failure)!
Continue anyway?
You turn into a venomous arachnid creature.
You enter the shallow water.
Moving in this stuff is going to be slow.
Pargi bites you. Pargi misses you. Pargi closely misses you.
You barely miss Pargi. Pargi bites you! Pargi misses you. x2
You hit Pargi.
Pargi is poisoned.
Pargi is lightly wounded.
You barely miss Pargi.
Pargi is lightly wounded.
Pargi bites you. You block Pargi's attack. x2
You hit Pargi.
Pargi looks as sick as possible!
Pargi is moderately wounded.
Pargi completely misses you. x2; Pargi claws you.
You are too injured to fight recklessly!
You are too injured to fight recklessly!
You are too injured to fight recklessly!
You are too injured to fight recklessly!
You hit Pargi but do no damage.
Pargi looks as sick as possible!
Pargi is moderately wounded.
Your transformation is almost over.
Pargi bites you. You block Pargi's attack. Pargi claws you.
* * * LOW HITPOINT WARNING * * *
Unknown command.
Pargi snarls, "Go!
Away!"
Pargi misses you. Pargi claws you but does no damage.
Pargi completely misses you.
You enter the shallow water.
Moving in this stuff is going to be slow.
Pargi misses you. Pargi claws you.
* * * LOW HITPOINT WARNING * * *
Pargi claws you.
* * * LOW HITPOINT WARNING * * *
Pargi bites you!
You die...

#≈≈≈≈≈≈≈.# #≈≈≈≈≈≈≈##
##≈≈≈≈≈## #≈≈≈≈≈≈≈.##
##≈≈≈≈≈≈..#### ##
#≈≈≈≈≈≈≈..#.# .≈≈
##≈≈≈≈≈≈≈.≈≈# #####≈≈≈≈
#≈≈≈≈≈≈≈≈≈≈### #...≈≈≈≈≈
#≈≈≈≈≈≈≈≈≈≈≈s####≈.≈≈≈≈≈≈
##≈≈≈≈≈≈≈≈≈≈≈T≈.≈≈≈≈≈≈≈≈≈
#≈≈≈≈≈≈≈≈≈≈≈≈≈≈≈≈≈≈≈≈≈≈≈
###≈≈≈≈≈≈≈≈≈≈≈≈≈≈≈≈≈≈≈≈≈
##≈≈≈≈≈≈≈≈≈≈≈≈≈≈≈≈≈≈≈≈
###≈≈≈≈≈≈≈≈≈≈≈≈≈≈≈≈≈≈
#≈≈≈≈≈≈≈≈≈≈≈≈≈≈≈≈≈≈#
#####≈≈#≈≈≈≈≈≈≈#≈≈##
#≈≈###≈≈≈######


You could see Pargi (very poisoned).

Vanquished Creatures
  2 adders (D:3)
  A worm (D:2)
  3 dart slugs (D:1)
  4 ball pythons
  3 endoplasms (D:1)
  3 giant cockroaches (D:3)
  2 goblins (D:1)
  5 hobgoblins
  4 kobolds
  4 quokkas
  5 bats
  A frilled lizard (D:1)
  4 rats
41 creatures vanquished.

Notes
Turn   | Place    | Note
-------+----------+-------------------------------------------
     0 | D:1      | Zeld the Octopode Transmuter began the quest for the Orb.
     0 | D:1      | Reached XP level 1. HP: 13/13 MP: 3/3
   269 | D:1      | Reached XP level 2. HP: 9/18 MP: 3/5
   463 | D:1      | Learned a level 2 spell: Wereblood
   788 | D:1      | Reached skill level 1 in Stealth
  1064 | D:1      | Reached XP level 3. HP: 23/23 MP: 4/6
  1068 | D:1      | Learned a level 3 spell: Spider Form
  1700 | D:2      | Reached skill level 1 in Poison Magic
  2031 | D:3      | Reached skill level 1 in Ice Magic
  2069 | D:3      | Reached XP level 4. HP: 11/28 MP: 4/7
  2374 | D:3      | Found a glowing drain.
  2388 | Sewer    | Entered a sewer
  2427 | Sewer    | Noticed Pargi
  2441 | Sewer    | Slain by Pargi

Illustrated notes

Levels and vault maps discovered:
D:1:      onia_arrival_mini_spirals, layout_loops_corners
D:2:      layout_basic
D:3:      layout_rooms, mainiacjoe_overflow_cross_hatched,
          gammafunk_ghost_gnarly_gnolls, gup_sewer_entry_pipe
Sewer:    sewer_co_pargi_island

Skill      XL: |  1  2  3 |
---------------+----------+-----
Stealth        | 1 |  1.5
Poison Magic   | 1 |  1.3
Ice Magic      | 1 |  1.1
Fighting       | |  1.6
Dodging        | |  2.0
Unarmed Combat | |  3.0
Spellcasting   | |  2.6
Transmutations | |  2.6

Action                   |  1- 3 |  4- 6 || total
-------------------------+-------+-------++-------
Melee: Unarmed           |    64 |    20 ||    84
       Kick              |    19 |     2 ||    21
       Constrict         |    19 |     4 ||    23
       Tentacles         |    10 |     1 ||    11
       Punch             |     2 |       ||     2
 Cast: Beastly Appendage |    33 |     2 ||    35
       Spider Form       |       |     1 ||     1
 Stab: Sleeping          |     8 |     1 ||     9
Armor: Skin              |     7 |     3 ||    10
Dodge: Dodged            |    38 |    14 ||    52
Block: Other             |     2 |     6 ||     8
